 Dungeon Crawl Stone Soup version 0.20-a0-1015-g2ec8a95 (webtiles) character file.

1583 mopl the Covert (level 8, -1/43 HPs)
             Began as a Deep Elf Assassin on Apr 15, 2017.
             Was a Priest of Okawaru.
             Shot with an arrow by a centaur (17 damage)
             ... on level 5 of the Dungeon.
             The game lasted 00:12:35 (6644 turns).

mopl the Covert (Deep Elf Assassin)                 Turns: 6644, Time: 00:12:35

Health: -1/43      AC:  6    Str: 13    XL:     8   Next: 60%
Magic:  11/11      EV: 16    Int: 21    God:    Okawaru [***...]
Gold:   82         SH:  0    Dex: 18    Spells: 7/7 levels left

rFire    + . .     SeeInvis .   a - +2 dagger (drain)
rCold    + . .     Gourm    .   w - +3 buckler of Wuptyt {rF+ rC+}
rNeg     + . .     Faith    .   c - +0 robe
rPois    .         Spirit   .   J - +0 helmet
rElec    .         Reflect  .   d - +0 cloak
rCorr    .         Harm     .   H - +0 pair of gloves
MR       .....                  (no boots)
Stlth    ++........             (no amulet)
Regen    0.2/turn               z - +4 ring of intelligence
MPRegen  0.2/turn               C - ring of positive energy

@: confused, mighty, heroism, drained
A: no striking features
a: Heroism, Renounce Religion


You were on level 5 of the Dungeon.
You worshipped Okawaru.
Okawaru was most pleased with you.
You were very hungry.

You visited 1 branch of the dungeon, and saw 6 of its levels.

You collected 204 gold pieces.
You spent 122 gold pieces at shops.

Inventory:

Hand Weapons
 a - a +2 dagger of draining (weapon)
 b - a +0 blowgun
 I - a +2 dagger of venom
 K - a cursed +0 falchion of slicing
Missiles
 e - 19 poisoned needles
 o - 2 curare-tipped needles
 x - 2 tomahawks (quivered)
Armour
 c - a +0 robe (worn)
 d - a +0 cloak (worn)
 w - the +3 buckler of Wuptyt (worn) {rF+ rC+}
   (You found it on level 4 of the Dungeon)

   It protects you from fire.
   It protects you from cold.
 H - a +0 pair of gloves (worn)
 J - a +0 helmet (worn)
Jewellery
 z - a +4 ring of intelligence (left hand)
 C - a ring of positive energy (right hand)
Wands
 u - a wand of disintegration (5/24)
 L - a wand of iceblast (12/15)
Scrolls
 i - 3 scrolls of teleportation
 k - a scroll of blinking {unknown}
 m - 2 scrolls of enchant weapon {unknown}
 n - 5 scrolls of identify {unknown}
 p - 2 scrolls of immolation {unknown}
 t - a scroll of enchant armour {unknown}
 y - a scroll of magic mapping {unknown}
 B - a scroll of amnesia {unknown}
 E - a scroll of recharging {unknown}
 G - 2 scrolls of remove curse {unknown}
Potions
 f - a potion of cancellation {unknown}
 l - 2 potions of flight {unknown}
 q - 2 potions of ambrosia
 r - a potion of brilliance {unknown}
 s - a potion of magic {unknown}
 A - 2 potions of might
 D - a potion of haste {unknown}
 F - a potion of curing
Comestibles
 g - 3 bread rations
 h - 4 royal jellies
 j - 6 meat rations
 v - 25 fruits


   Skills:
 - Level 1.5(6.5) Fighting
 + Level 5.0(9.9) Short Blades
 + Level 5.2(10.2) Throwing
 - Level 1.2(6.2) Dodging
 * Level 10.4(15.4) Stealth
 + Level 2.9(7.9) Shields
 + Level 2.4 Invocations


You had 7 spell levels left.
You didn't know any spells.

Dungeon Overview and Level Annotations

Branches:
Dungeon (6/15)
 Temple: D:4-7

Altars:
Cheibriados
Kikubaaqudgha
Okawaru
Ru
Sif Muna
Uskayaw
Wu Jian
Xom

Shops:
D:5 *


Message History

You see here an arrow.
The centaur shoots an arrow.
The arrow hits you!
* * * LOW HITPOINT WARNING * * *
You see here an arrow.
You gain the combat prowess of a mighty hero.
The centaur shoots an arrow.
You block the arrow.
The centaur shoots an arrow.
The arrow closely misses you.
It was a potion of ambrosia.
You are confused.
You feel invigorated.
The centaur shoots an arrow.
The arrow hits you!
* * * LOW HITPOINT WARNING * * *
It was a potion of might.
You feel very mighty all of a sudden.
The centaur shoots an arrow.
The arrow misses you.
The centaur shoots an arrow.
The arrow barely misses you.
The centaur shoots an arrow.
The arrow hits you!
* * * LOW HITPOINT WARNING * * *
You see here an arrow.
You're too confused to move!
The centaur shoots an arrow.
The arrow hits you!
You die...

_...###.................≈[≈.#...#
.⌠.#.##..)........._....≈≈≈.#...#
..#.⌠.#.....................#...#
.#.#.##....<................#...#
#.⌠.#.#.........+...+.......#...#
.#.#.##..########..##..##..###..#
⌠.#.⌠.#'#########..##..##'####..#
.#.#.##....(...(....>........#..#
#.⌠.###.........@....[.......#..#
.#.#.##...........(..........#..#
⌠.#..##........(((....>......#..#
.#.#.##.#########c.###.###..##..#
#.⌠.#######..####..###.#######..#
...## #.........#........#...#..#
''#####.........'........#...'..#
................#........#...#..#
#..##...##....###...###.##...####


You could see a centaur.

Vanquished Creatures
  Pikel (D:4)
  Sigmund (D:2)
  An orc warrior (D:6)
  A black bear (D:6)
  An ogre (D:6)
  2 bullfrogs
  A wight (D:5)
  A vampire bat (D:5)
  A centaur zombie (D:6)
  2 hounds
  An orc priest (D:5)
  6 orc wizards
  A worker ant (D:5)
  A hound skeleton (D:5)
  4 adders
  A shadow imp (D:5)
  An adder zombie (D:5)
  4 worms
  A dart slug (D:1)
  3 leopard geckos
  12 orcs
  4 bat skeletons (D:5)
  2 bat zombies (D:5)
  7 giant cockroaches
  14 goblins
  12 hobgoblins
  5 bats
  4 frilled lizards (D:1)
  10 kobolds
  3 rats
108 creatures vanquished.

Notes
Turn   | Place    | Note
-------+----------+-------------------------------------------
     0 | D:1      | mopl the Deep Elf Assassin began the quest for the Orb.
     0 | D:1      | Reached XP level 1. HP: 12/12 MP: 3/3
    80 | D:1      | Reached skill level 5 in Stealth
   228 | D:1      | Reached XP level 2. HP: 16/16 MP: 4/4
   996 | D:1      | Reached XP level 3. HP: 20/20 MP: 5/5
  1451 | D:2      | Noticed Sigmund
  2249 | D:2      | Killed Sigmund
  2249 | D:2      | Reached skill level 3 in Short Blades
  2249 | D:2      | Reached skill level 3 in Throwing
  2249 | D:2      | Reached skill level 7 in Stealth
  2249 | D:2      | Reached XP level 4. HP: 12/25 MP: 6/6
  2249 | D:2      | Reached XP level 5. HP: 14/29 MP: 7/7
  2742 | D:2      | Found a deep blue altar of Sif Muna.
  3180 | D:3      | Found an iron altar of Okawaru.
  3188 | D:3      | Became a worshipper of Warmaster Okawaru
  3430 | D:3      | Reached XP level 6. HP: 34/34 MP: 8/8
  3762 | D:4      | Got an encrusted buckler
  3768 | D:4      | Identified the +3 buckler of Wuptyt {rF+ rC+} (You found it on level 4 of the Dungeon)
  3928 | D:4      | Noticed a slave
  3930 | D:4      | Noticed Pikel
  3931 | D:4      | Noticed a slave
  3933 | D:4      | Noticed a slave
  3949 | D:4      | Noticed a slave
  3975 | D:4      | Killed Pikel
  3975 | D:4      | Reached * piety under Okawaru
  3975 | D:4      | Reached ** piety under Okawaru
  3975 | D:4      | Reached skill level 4 in Short Blades
  3975 | D:4      | Reached skill level 4 in Throwing
  3975 | D:4      | Reached skill level 8 in Stealth
  3975 | D:4      | Reached skill level 1 in Shields
  3975 | D:4      | Reached XP level 7. HP: 19/38 MP: 9/9
  4225 | D:5      | Entered Level 5 of the Dungeon
  4227 | D:5      | Reached skill level 9 in Stealth
  4417 | D:5      | Found an ancient bone altar of Kikubaaqudgha.
  4459 | D:5      | Reached skill level 2 in Shields
  4495 | D:5      | Found a sacrificial altar of Ru.
  4521 | D:5      | Found an ornate altar of the Wu Jian Council.
  4527 | D:5      | Found a snail-covered altar of Cheibriados.
  4575 | D:5      | Found Ahuic's Assorted Antiques.
  4585 | D:5      | Bought a white potion for 16 gold pieces
  4585 | D:5      | Bought a fuming emerald potion for 16 gold pieces
  4585 | D:5      | Bought a scroll labeled ROASEF OR LICA for 18 gold pieces
  4585 | D:5      | Bought a scroll labeled KOHAPLYKAM for 18 gold pieces
  4585 | D:5      | Bought a potion of curing for 54 gold pieces
  5274 | D:6      | Reached XP level 8. HP: 41/43 MP: 10/10
  5694 | D:5      | Reached skill level 1 in Invocations
  5823 | D:6      | Found a hide-covered altar of Uskayaw.
  5888 | D:6      | Reached skill level 10 in Stealth
  6032 | D:6      | Found a shimmering altar of Xom.
  6069 | D:6      | Reached skill level 5 in Throwing
  6095 | D:6      | Reached skill level 2 in Invocations
  6243 | D:6      | Reached *** piety under Okawaru
  6558 | D:5      | Reached skill level 5 in Short Blades
  6644 | D:5      | Shot with an arrow by a centaur

Vault maps used:
D:1:      noname_arrival_rooms_in_the_neighbourhood, minmay_three_crescents
D:2:      led_sif_pool, uniq_sigmund
D:3:      okawaru_gym_becter
D:4:      small_statue_intersection, uniq_pikel
D:5:      kennysheep_vampire_church, grunt_temple_overflow_open, first_bread,
          serial_shops, shop_fountains, dk_vineyard_1, st_stairs_8,
          minmay_misc_feat_nine_boxes, corexii_checkpoint_b,
          corexii_item_surrounded_by_moat
D:6:      corexii_shack_village, lemuel_round_altar,
          lemuel_coloured_pillars_altar, eat_drink_and_be_merry_uskayaw,
          grunt_ministairs_12, minmay_misc_feat_encased, minmay_misc_feat_chi

Skill      XL: |  1  2  3  4  5  6  7  8 |
---------------+-------------------------+-----
Stealth        | 5 7 8 9 10 | 10.4
Short Blades   | 3 4 5 |  5.0
Throwing       | 3 4 5 |  5.2
Shields        | 1 2 |  2.9
Invocations    | 2 |  2.4
Fighting       | |  1.5
Dodging        | |  1.2

Action                   |  1- 3 |  4- 6 |  7- 9 || total
-------------------------+-------+-------+-------++-------
Melee: Dagger            |   109 |   111 |   229 ||   449
 Fire: Blowgun           |    23 |    13 |    34 ||    70
Invok: Heroism           |       |       |     2 ||     2
Evoke: Wand              |       |       |     1 ||     1
  Use: Scroll            |       |     1 |       ||     1
       Potion            |       |       |     2 ||     2
 Stab: Sleeping          |     4 |     4 |     3 ||    11
       Distracted        |     1 |     1 |       ||     2
  Eat: Chunk             |     2 |     7 |     8 ||    17
Armor: Robe              |    13 |    14 |    56 ||    83
Dodge: Dodged            |    62 |    57 |   113 ||   232
Block: Buckler           |       |     6 |   101 ||   107
